 Dungeon Crawl Stone Soup version 0.31-a0-175-g9f7f995f2b (webtiles) character file.

Game seed: 11525927981642645122

1262 rabbitsville the Shooter (level 8, -2/97 HPs)
             Began as a Formicid Hunter on June 16, 2023.
             Splashed by a jelly's acid (4 damage)
             ... on level 6 of the Dungeon.
             The game lasted 00:29:21 (6086 turns).

rabbitsville the Shooter (Formicid Hunter)          Turns: 6086, Time: 00:29:21

Health: -2/97      AC: 24    Str: 15    XL:     8   Next: 81%
Magic:  8/8        EV:  2    Int: 10    God:
Gold:   242        SH:  5    Dex: 19    Spells: 7/7 levels left

rFire   . . .        b - +2 dagger (elec)
rCold   . . .        (no shield)
rNeg    . . .        f - melded +2 leather armour {rF+}
rPois   +            (helmet unavailable)
rElec   .            (cloak currently unavailable)
rCorr   .            t - melded +0 pair of gloves
SInv    .            (boots currently unavailable)
Will    .....        m - amulet of reflection
Stlth   ++           (no ring)
HPRegen 0.36/turn    (no ring)
MPRegen 0.11/turn

%: reflection
@: tree-form, weak-willed
A: stationary, stasis, torment immunity, boosted hp, permanent stasis, dig
shafts and tunnels, (antennae 3), four strong arms
a: no special abilities


You were on level 6 of the Dungeon.
You were a tree.
You visited 1 branch of the dungeon, and saw 6 of its levels.

You collected 268 gold pieces.
You spent 26 gold pieces at shops.

Inventory:

Hand Weapons
 a - a +0 shortbow
 b - a +2 dagger of electrocution (weapon)
 d - a +0 dagger
Armour
 c - a +0 leather armour
 f - a +2 leather armour of fire resistance (melded)
 t - a +0 pair of gloves (melded)
Jewellery
 m - an amulet of reflection (around neck)
 y - a ring of wizardry
Wands
 j - a wand of flame (20)
Scrolls
 g - a scroll of noise {unknown}
 h - 3 scrolls of identify
 i - a scroll of amnesia {unknown}
 l - a scroll of vulnerability
 o - a scroll of fog {unknown}
 p - a scroll of fear {unknown}
 q - a scroll of immolation
 r - a scroll of poison {unknown}
 u - a scroll of teleportation {unknown}
 v - a scroll of enchant armour {unknown}
Potions
 k - a potion of enlightenment {unknown}
 n - a potion of magic {unknown}
 w - a potion of berserk rage {unknown}
 x - a potion of invisibility {unknown}
 z - a potion of mutation {unknown}


   Skills:
 + Level 6.7 Fighting
 + Level 7.0 Ranged Weapons
 - Level 4.0 Armour
 + Level 4.1 Dodging
 - Level 1.2 Stealth


You had 7 spell levels left.
You didn't know any spells.
Your spell library contained the following spells:

 Spells                   Type           Power      Damage    Failure   Level
 Cigotuvi's Dreadful Rot  Necr/Pois/Air  0%         N/A       50%         2
 Dispel Undead            Necr           0%         3d6       98%         4
 Death Channel            Necr           0%         N/A       100%        6


Dungeon Overview and Level Annotations

Branches:
Dungeon (6/15)
 Temple: D:4-7

Altars:
Ashenzari
Gozag
Uskayaw
Zin

Shops:
D:4 ***?


Innate Abilities, Weirdness & Mutations

You are a tree.
Your roots penetrate the ground, keeping you stationary.
You cannot be teleported.
You are immune to unholy pain and torment.
Your maximum health is greatly increased.
Your equipment is partially melded.
You cannot be hasted, slowed, berserked, paralysed or teleported.
You can dig through walls and to a lower floor.
((You have a pair of large antennae on your head. (SInv)))
Your four strong arms can wield two-handed weapons with a shield.


Message History

As you read the scroll labelled CYUS MAMUFUL, it crumbles to dust.
Magic quickly surges around you.
It was a scroll of vulnerability.
You block the orc warrior's attack.
As you read the scroll labelled CYFAZER OPEA, it crumbles to dust.
The creatures around you are filled with an inner flame!
It was a scroll of immolation.
The orc warrior barely misses you.
It was a potion of lignification.
You turn into a tree.
Your +0 pair of gloves melds into your body.
Your +2 leather armour of fire resistance melds into your body.
You feel less resistant to fire.
Your roots penetrate the ground.
The orc warrior hits you but does no damage.
You hear the crackle of electricity.
b - a +2 dagger of electrocution (weapon)
The orc warrior hits you with a +0 halberd!
The jelly quivers.
You hit the orc warrior.
Flame seeps out of the orc warrior.
The orc warrior is heavily wounded.
The orc warrior is engulfed in blazing flames.
Flame seeps out of the orc warrior.
The orc warrior hits you with a +0 halberd.
You closely miss the orc warrior.
The orc warrior is severely wounded.
The orc warrior is engulfed in blazing flames.
The orc warrior explodes!
The fiery explosion engulfs you!!
* * * LOW HITPOINT WARNING * * *
The fiery explosion engulfs the orc!!!
The fiery explosion engulfs the bullfrog!!
The bullfrog explodes!
The orc explodes!
You hear a croak.
Your Ranged Weapons skill increases to level 7!
Your Dodging skill increases to level 4!
The jelly is engulfed in blazing flames.
The jelly is engulfed in blazing flames.
You hit the jelly.
Your branches burn!
* * * LOW HITPOINT WARNING * * *
The jelly is severely wounded.
The jelly hits you but does no damage.
You hit the jelly.
Your branches burn!
You die...

..####................
.#....................
...####...............
####.........#
#............##
..#.###...#..##
.......#.#...#
....###...#.#.. ...
##..#♣#
......###..#J####{
........§§§.^#{.o
........§§§§.....
..#..........#.## #
#..........# #
#.........?#
#..........#
......$.....#


You could see a jelly.

Vanquished Creatures
  An orc warrior (D:6)
  2 black bears (D:5)
  A bullfrog (D:6)
  A scorpion (D:6)
  2 jellies (D:5)
  4 orc priests
  A sleepcap (D:5)
  4 hounds (D:5)
  2 iguanas (D:5)
  Jessica (D:2)
  Ijyb (D:4)
  Natasha (thrice) (D:3)
  4 orc wizards
  Robin (D:3)
  5 gnolls
  7 adders
  A shadow imp (D:5)
  3 ufetubi
  2 worms (D:4)
  5 dart slugs
  10 orcs
  4 bats
  5 endoplasms
  4 giant cockroaches
  12 goblins
  11 hobgoblins
  4 jackals (D:1)
  6 kobolds
  2 quokkas
  3 ball pythons
  4 frilled lizards
  3 rats
119 creatures vanquished.

Notes
Turn   | Place    | Note
-------+----------+-------------------------------------------
     0 | D:1      | rabbitsville the Formicid Hunter began the quest for the
                  | Orb.
     0 | D:1      | Reached XP level 1. HP: 16/16 MP: 1/1
   110 | D:1      | Reached XP level 2. HP: 23/23 MP: 2/2
   122 | D:1      | Reached skill level 1 in Armour
   254 | D:1      | Reached XP level 3. HP: 27/28 MP: 3/3
   828 | D:2      | Noticed Jessica
   832 | D:2      | Killed Jessica
   833 | D:2      | Reached XP level 4. HP: 35/35 MP: 4/4
  1843 | D:3      | Found an opulent altar of Gozag.
  1942 | D:3      | Noticed Natasha
  2131 | D:3      | Found a broken altar of Ashenzari.
  2283 | D:3      | Killed Natasha
  2284 | D:3      | Reached XP level 5. HP: 11/41 MP: 5/5
  2426 | D:3      | Noticed Natasha
  2435 | D:3      | Killed Natasha
  2673 | D:3      | Found a hide-covered altar of Uskayaw.
  2719 | D:3      | Noticed Natasha
  2726 | D:3      | Killed Natasha
  2727 | D:3      | Reached skill level 5 in Ranged Weapons
  2816 | D:3      | Noticed Robin
  2822 | D:3      | Killed Robin
  2823 | D:3      | Reached XP level 6. HP: 38/48 MP: 6/6
  3061 | D:4      | Noticed Ijyb
  3206 | D:4      | Found Tuff's Neck Hole.
  3384 | D:4      | Found Waohec's Magic Scroll Shop.
  3392 | D:4      | Bought a scroll of identify for 26 gold pieces
  3510 | D:4      | You fall into a shaft and drop 2 floors!
  3550 | D:5      | Entered Level 5 of the Dungeon
  3710 | D:5      | Noticed a black bear
  3727 | D:6      | Noticed a black bear
  3863 | D:5      | Found a hide-covered altar of Uskayaw.
  3979 | D:5      | Reached XP level 7. HP: 41/55 MP: 7/7
  4119 | D:5      | Reached skill level 5 in Fighting
  4285 | D:5      | Found a glowing silver altar of Zin.
  4430 | D:5      | Reached skill level 6 in Ranged Weapons
  4880 | D:4      | Reached XP level 8. HP: 49/63 MP: 8/8
  4882 | D:4      | Killed Ijyb
  5094 | D:4      | Found Iruerow's Specific Store.
  5096 | D:4      | Found Mokuv's General Store.
  6082 | D:6      | Reached skill level 7 in Ranged Weapons
  6085 | D:6      | HP: 1/97 [acid (5)]
  6086 | D:6      | Splashed by a jelly's acid

Illustrated notes

Levels and vault maps discovered:
D:1:      minmay_arrival_open_corners, layout_loops_ring, minmay_three_crescents
D:2:      layout_basic, serial_bayou_lagoon_a, uniq_jessica
D:3:      layout_basic, amcnicky_altar_gilded, lemuel_doored_altar,
          evilmike_ruin_ashenzari, minmay_misc_feat_more_columns, uniq_robin,
          uniq_natasha
D:4:      layout_loops_cross, serial_shops, shop, minmay_misc_feat_hallway,
          nicolae_specific_store, nicolae_shop_sticking_my_neck_out, uniq_ijyb
D:5:      layout_gridville, minmay_splitting_lines, hangedman_feature_mirror,
          minmay_misc_feat_x
D:6:      layout_rooms, mainiacjoe_overflow_24_doors, minmay_temple_entry_wispy,
          ebering_ghost_disaster_area, uniq_prince_ribbit1

Skill      XL: |  1  2  3  4  5  6  7  8 |
---------------+-------------------------+-----
Armour         | 1 2 3 4 |  4.0
Fighting       | 3 4 5 6 |  6.7
Ranged Weapons | 5 6 7 |  7.0
Dodging        | 2 4 |  4.1
Stealth        | |  1.2

Action                     |  1- 3 |  4- 6 |  7- 9 || total
---------------------------+-------+-------+-------++-------
  Melee: Dagger            |       |       |     4 ||     4
   Fire: Shortbow          |    81 |   235 |   236 ||   552
Ability: Dig               |     1 |     1 |       ||     2
         Shaft Self        |       |     1 |       ||     1
  Evoke: Wand              |       |       |     1 ||     1
    Use: Scroll            |       |     1 |     2 ||     3
         Potion            |       |       |     7 ||     7
 Armour: Leather armour    |    19 |    25 |    27 ||    71
         Skin              |       |       |     2 ||     2
  Dodge: Dodged            |    39 |    77 |    69 ||   185
  Block: Other             |       |    21 |    29 ||    50
         Reflection        |       |     1 |     1 ||     2

Table legend: (Time is in decaauts)
 A = Elapsed time spent in this place.
 B = Non-inter-level travel time spent in this place.
 C = Inter-level travel time spent in this place.
 D = Time resting spent in this place.
 E = Time spent auto-exploring this place.
 F = Levels seen in this place.
 G = Mean time per level.
                   A        B        C        D        E       F      G
               +--------+--------+--------+--------+--------+-----+--------+
         Total |   6188 |   5857 |    331 |    989 |   3289 |   6 | 1031.3 |
       Dungeon |   6188 |   5857 |    331 |    989 |   3289 |   6 | 1031.3 |
               +--------+--------+--------+--------+--------+-----+--------+

Top non-repeatable levels by time:
     D:5: 1504 daAuts
     D:3: 1343 daAuts
     D:2: 1219 daAuts
     D:4: 911 daAuts
     D:1: 842 daAuts
     D:6: 366 daAuts
